 Dungeon Crawl Stone Soup version 0.26-a0-1021-gda264ca44c (webtiles) character file.

Game seed: 497744791648613613

1010 sokol815 the Chopper (level 8, -4/64 HPs)
             Began as a Demonspawn Fighter on Dec 9, 2020.
             Slain by an ogre
             ... wielding a +0 giant club
              (27 damage)
             ... on level 5 of the Dungeon.
             The game lasted 00:13:14 (4861 turns).

sokol815 the Chopper (Demonspawn Fighter)           Turns: 4861, Time: 00:13:15

Health: -4/64      AC:  0    Str: 17    XL:     8   Next: 1%
Magic:  0/8        EV:  7    Int:  9    God:
Gold:   318        SH: 10    Dex: 23    Spells: 7/7 levels left

rFire    . . .     SeeInvis .   a - +2 war axe (vorpal)
rCold    . . .     Faith    .   f - +0 kite shield
rNeg     + . .     Spirit   +   g - +0 scale mail
rPois    +         Reflect  .   r - +0 helmet
rElec    .         Harm     .   (no cloak)
rCorr    .         Rampage  .   k - +0 pair of gloves
Will     .....                  (no boots)
Stlth    +.........             G - amulet of the Endless Expanse {Spirit *Corrode Dex+8}
HPRegen  0.20/turn              t - ring of positive energy
MPRegen  0.11/turn              (no ring)

@: corroded
A: hooves 1, foul stench 1, mutation resistance 1, poison resistance, rot
immunity, sturdy frame 1
a: no special abilities


You were on level 5 of the Dungeon.
You visited 1 branch of the dungeon, and saw 5 of its levels.

You collected 318 gold pieces.

Inventory:

Hand Weapons
 a - a +2 vorpal war axe (weapon)
 b - a +0 dagger of draining
 c - a +1 spear of venom
 h - a +0 hunting sling
 m - a +1 dagger of speed
 u - a +0 trident
 x - a +0 dagger of protection
Missiles
 e - 339 stones
 i - a throwing net
 j - 14 poisoned darts (quivered)
 l - 66 sling bullets
 o - 32 bolts
 y - 4 boomerangs of dispersal
 A - 10 boomerangs
 C - 3 atropa-tipped darts
Armour
 f - a +0 kite shield (worn)
 g - a +0 scale mail (worn)
 k - a +0 pair of gloves (worn)
 r - a +0 helmet (worn)
 E - a +2 robe of positive energy
Jewellery
 t - a ring of positive energy (left hand)
 G - the amulet of the Endless Expanse (around neck) {Spirit *Corrode Dex+8}
   (You found it on level 5 of the Dungeon)

   [amulet of guardian spirit]

   It causes incoming damage to be split between your health and magic.
   It affects your dexterity (+8).
   It may corrode you when you take damage.
Wands
 v - a wand of iceblast (5)
 D - a wand of flame (47)
Scrolls
 d - a scroll of silence {unknown}
 n - a scroll of random uselessness {unknown}
 q - a scroll of identify
 w - 2 scrolls of magic mapping {unknown}
 z - a scroll of remove curse
 B - a scroll of enchant weapon {unknown}
 F - 2 scrolls of fog {unknown}
 I - a scroll of teleportation
Potions
 p - a potion of attraction
 s - a potion of brilliance
 H - a potion of haste


   Skills:
 + Level 5.7 Fighting
 * Level 6.1(6.3) Axes
 - Level 2.1(4.4) Polearms
 - Level 2.6 Armour
 - Level 2.6 Shields
 + Level 3.1 Evocations


You had 7 spell levels left.
You didn't know any spells.
Your spell library contained the following spells:

 Spells                   Type           Power        Failure   Level
 Corona                   Hex            #......      99%         1
 Ensorcelled Hibernation  Hex/Ice        #.....       100%        2
 Confusing Touch          Hex            #.......     100%        3
 Dazzling Flash           Conj/Hex       #.....       100%        3
 Tukima's Dance           Hex            #.......     100%        3


Dungeon Overview and Level Annotations

Branches:
Dungeon (5/15)
 Temple: D:4-7

Altars:
Trog
Vehumet

Shops:
D:4 (


Innate Abilities, Weirdness & Mutations

You have large cloven feet.
You may emit foul miasma when damaged in melee.
You are immune to rotting.
Your movements are slightly less encumbered by armour. (ER -2)
You are somewhat resistant to further mutation.
Your system is resistant to poisons. (rPois)


Message History

You destroy the howler monkey zombie!
You block the ogre's attack.
You hit the ogre but do no damage. You kick the ogre, but do no damage.
The ogre hits you with a +0 giant club!!
You barely miss the ogre. You kick the ogre, but do no damage.
The ogre barely misses you.
You hit the ogre but do no damage. The ogre hits you with a +0 giant club.
You hit the ogre. You kick the ogre, but do no damage.
The ogre is moderately wounded.
The ogre barely misses you.
You barely miss the ogre. You kick the ogre, but do no damage.
The ogre is moderately wounded.
The ogre closely misses you.
You slash the ogre! You kick the ogre, but do no damage.
The ogre is heavily wounded.
The ogre hits you with a +0 giant club!
The ogre looks sick.
You hit the ogre. Your kick misses the ogre.
The ogre is severely wounded.
The ogre hits you with a +0 giant club!!
You die...

#..........# #.....
#..........#####.....
#.......>............
#.....†....#####.....
#..........#####....#
#...................)
#..........#####....)
#..........# #.....
#...@......# #.....
#..O.......# #.....
#............# #.....
#............# #.....
#............# #.....
#............# #.....
#............# #.....
#............# #.....
#.....


You could see an ogre (sick).

Vanquished Creatures
  Sigmund (D:3)
  A phantom (D:4)
  2 ogres
  An orc priest (D:5)
  5 orc wizards
  Ijyb (D:3)
  5 worker ants
  A hound skeleton (D:5)
  A howler monkey zombie (D:5)
  8 adders (D:2)
  2 white imps (D:5)
  2 ufetubi (D:5)
  3 worms
  3 dart slugs (D:1)
  6 leopard geckos
  24 orcs
  2 ball pythons
  8 bats
  2 giant cockroaches
  14 goblins
  13 hobgoblins
  9 jackals
  9 kobolds
  A quokka (D:4)
  7 frilled lizards
  A jackal skeleton (D:4)
  3 rats
135 creatures vanquished.

Notes
Turn   | Place    | Note
-------+----------+-------------------------------------------
     0 | D:1      | sokol815 the Demonspawn Fighter began the quest for the
                  | Orb.
     0 | D:1      | Reached XP level 1. HP: 18/18 MP: 1/1
    31 | D:1      | Reached skill level 2 in Axes
    38 | D:1      | Gained mutation: You are immune to rotting. [demonic
                  | ancestry]
    38 | D:1      | Reached XP level 2. HP: 15/24 MP: 2/2
   493 | D:1      | Gained mutation: You have large cloven feet. [demonic
                  | ancestry]
   493 | D:1      | Reached XP level 3. HP: 29/29 MP: 3/3
   800 | D:2      | Reached skill level 3 in Axes
   844 | D:2      | Gained mutation: Your system is resistant to poisons.
                  | (rPois) [potion of mutation]
   844 | D:2      | Gained mutation: You are somewhat resistant to further
                  | mutation. [potion of mutation]
  1153 | D:2      | Reached XP level 4. HP: 33/37 MP: 4/4
  1185 | D:2      | Found a radiant altar of Vehumet.
  1251 | D:2      | Found a faded altar of an unknown god.
  1626 | D:2      | Reached skill level 4 in Axes
  1740 | D:2      | Reached XP level 5. HP: 42/42 MP: 5/5
  2101 | D:3      | Noticed an ogre
  2113 | D:3      | Killed an ogre
  2275 | D:3      | Noticed Ijyb
  2290 | D:3      | Killed Ijyb
  2291 | D:3      | Gained mutation: Your movements are slightly less
                  | encumbered by armour. (ER -2) [demonic ancestry]
  2291 | D:3      | Reached XP level 6. HP: 46/49 MP: 6/6
  2403 | D:3      | Noticed Sigmund
  2582 | D:3      | Found a bloodstained altar of Trog.
  2914 | D:4      | Reached skill level 1 in Evocations
  3278 | D:4      | Found Aggoim's Weapon Boutique.
  3293 | D:4      | Reached skill level 5 in Fighting
  3293 | D:4      | Reached skill level 5 in Axes
  3293 | D:4      | Reached XP level 7. HP: 51/56 MP: 7/7
  3816 | D:3      | Killed Sigmund
  4120 | D:5      | Entered Level 5 of the Dungeon
  4611 | D:5      | Reached skill level 6 in Axes
  4637 | D:5      | Got a steaming lead amulet
  4638 | D:5      | Identified the amulet of the Endless Expanse {Spirit
                  | *Corrode Dex+8} (You found it on level 5 of the Dungeon)
  4842 | D:5      | Gained mutation: You may emit foul miasma when damaged in
                  | melee. [demonic ancestry]
  4842 | D:5      | Reached XP level 8. HP: 64/64 MP: 8/8
  4861 | D:5      | Slain by an ogre

Illustrated notes

Levels and vault maps discovered:
D:1:      dpeg_arrival_renting, layout_loops_ring
D:2:      layout_loops_corners, vehumet_crystals,
          chequers_ecumenical_altar_simple_redux, minmay_circle_x
D:3:      layout_loops_cross, trog_hazing_becter, uniq_sigmund, uniq_ijyb
D:4:      layout_rooms, serial_shops, kennysheep_mini_moat, serial_corexii_hall,
          corexii_hall_statues_deadend, corexii_hall_statues_i
D:5:      layout_basic, minmay_temple_entry_grid,
          chequers_serial_rivers_large_a, kennysheep_generic_room_13

Skill      XL: |  1  2  3  4  5  6  7 |
---------------+----------------------+-----
Axes           | 2 3 4 5 6 |  6.1
Fighting       | 4 5 |  5.7
Polearms       | 2 |  2.1
Evocations     | 1 3 |  3.1
Armour         | |  2.6
Shields        | |  2.6

Action                   |  1- 3 |  4- 6 |  7- 9 || total
-------------------------+-------+-------+-------++-------
Melee: War axe           |     9 |    68 |    89 ||   166
       Spear             |    71 |   133 |       ||   204
       Kick              |     8 |    39 |    32 ||    79
Throw: Dart              |       |     4 |     3 ||     7
  Use: Potion            |     4 |       |     2 ||     6
       Scroll            |       |     5 |     2 ||     7
Armor: Scale mail        |    23 |    66 |    34 ||   123
Dodge: Dodged            |    18 |    45 |    22 ||    85
Block: Kite shield       |    31 |    70 |    44 ||   145

Table legend: (Time is in decaauts)
 A = Elapsed time spent in this place.
 B = Non-inter-level travel time spent in this place.
 C = Inter-level travel time spent in this place.
 D = Time resting spent in this place.
 E = Time spent auto-exploring this place.
 F = Levels seen in this place.
 G = Mean time per level.
                   A        B        C        D        E       F      G
               +--------+--------+--------+--------+--------+-----+--------+
         Total |   4917 |   4674 |    243 |   1214 |   2365 |   5 |  983.4 |
       Dungeon |   4917 |   4674 |    243 |   1214 |   2365 |   5 |  983.4 |
               +--------+--------+--------+--------+--------+-----+--------+

Top non-repeatable levels by time:
     D:2: 1235 daAuts
     D:1: 1055 daAuts
     D:3: 985 daAuts
     D:4: 882 daAuts
     D:5: 758 daAuts
